 Dungeon Crawl Stone Soup version 0.31-a0-271-gb88eb75e06 (webtiles) character file.

Game seed: 1291324349565625318

24947 Shard1697 the Carver (level 12, -2/106 HPs)
             Began as a Purple Draconian Hedge Wizard on July 14, 2023.
             Was an Initiate of Gozag.
             Killed from afar by a rime drake (28 damage)
             ... with an icy flash freeze
             ... on level 3 of the Lair of Beasts.
             The game lasted 00:35:30 (16831 turns).

Shard1697 the Carver (DrHW)                        Turns: 16831, Time: 00:35:30

Health: -2/106     AC: 14    Str: 13    XL:     12   Next: 85%
Magic:  9/17       EV: 20    Int: 17    God:    Gozag
Gold:   2677       SH:  5    Dex: 16    Spells: 3/20 levels left

rFire   . . .        a - +4 scimitar (freeze)
rCold   . . .        A - +0 buckler
rNeg    . . .        (body armour unavailable)
rPois   .            J - +2 hat
rElec   .            (no cloak)
rCorr   .            k - +2 pair of gloves {Dex+3}
SInv    .            N - +0 pair of boots
Will    +....        (no amulet)
Stlth   ++           o - ring of wizardry
HPRegen 0.37/turn    q - +5 ring of evasion
MPRegen 0.15/turn

%: wizardry (x1)
@: flying
A: breathe power, AC +8, unfitting armour, cold-blooded, big wings, stinger 1,
low MP 1
a: Breathe Dispelling Energy, Renounce Religion, Potion Petition, Call Merchant,
Bribe Branch


You were on level 3 of the Lair of Beasts.
You worshipped Gozag.
Gozag was most pleased with you.
You visited 3 branches of the dungeon, and saw 16 of its levels.
You also visited: Sewer and Ossuary.

You collected 2769 gold pieces.
You paid 92 gold pieces to Gozag.

Inventory:

Hand Weapons
 a - a +4 scimitar of freezing (weapon)
Armour
 k - a +2 pair of gloves of dexterity (worn)
 A - a +0 buckler (worn)
 I - a +0 kite shield
 J - a +2 hat (worn)
 M - the +3 hat of Pondering {ponderous, Will+ MP+10 Int+5}
   (You took it off Gastronok on level 1 of the Lair of Beasts)

   Int:       It affects your intelligence (+5).
   MP:        It affects your magic capacity (+10).
   Will:      It increases your willpower.
 N - a +0 pair of boots (worn)
Magical Staves
 w - a staff of cold
Jewellery
 m - a ring of see invisible
 n - a ring of flight
 o - a ring of wizardry (left hand)
 q - a +5 ring of evasion (right hand)
Wands
 b - a wand of digging (4)
 j - a wand of flame (20)
 B - a wand of polymorph (12)
 H - a wand of charming (7)
 L - a wand of mindburst (4)
Scrolls
 d - 3 scrolls of enchant weapon
 f - 2 scrolls of fear
 p - 3 scrolls of blinking
 r - 5 scrolls of teleportation
 t - 3 scrolls of poison
 x - 3 scrolls of fog
 y - 8 scrolls of immolation
 z - 2 scrolls of enchant armour
 F - 4 scrolls of identify
 G - a scroll of vulnerability
 K - a scroll of revelation
 O - a scroll of acquirement {unknown}
Potions
 c - 3 potions of magic
 e - 12 potions of curing
 g - 2 potions of cancellation
 h - 2 potions of lignification
 i - 2 potions of invisibility
 l - 3 potions of enlightenment
 s - 3 potions of heal wounds
 u - 4 potions of haste
 v - 2 potions of attraction
 C - 3 potions of brilliance
 D - 2 potions of mutation
 E - a potion of berserk rage
 P - 3 potions of ambrosia {unknown}


   Skills:
 - Level 10.1 Fighting
 + Level 12.0 Long Blades
 + Level 7.3 Dodging
 - Level 1.7 Stealth
 - Level 5.0 Shields
 - Level 4.8 Spellcasting
 - Level 3.5 Conjurations
 * Level 11.1 Summonings
 - Level 1.0 Translocations
 - Level 1.3 Air Magic
 - Level 1.4 Poison Magic
 - Level 5.0 Evocations


You had 3 spell levels left.
You knew the following spells:

 Your Spells              Type           Power      Damage    Failure   Level
b - Call Imp              Summ           82%        N/A       1%          2
c - Mephitic Cloud        Conj/Pois/Air  11%        N/A       10%         3
d - Blink                 Tloc           14%        N/A       8%          2
e - Apportation           Tloc           14%        N/A       5%          1
f - Call Canine Familiar  Summ           41%        N/A       1%          3
t - Summon Cactus Giant   Summ           20%        N/A       12%         6

Your spell library contained the following spells:

 Spells                   Type           Power      Damage    Failure   Level
 Magic Dart               Conj           60%        1d6       1%          1
 Summon Small Mammal      Summ           100%       N/A       1%          1
 Summon Guardian Golem    Hex/Summ       23%        N/A       2%          3
 Necrotise                Necr           16%        1d4       8%          1
 Slow                     Hex            16%        N/A       8%          1
 Lesser Beckoning         Tloc           14%        N/A       8%          2
 Cigotuvi's Dreadful Rot  Necr/Pois/Air  14%        N/A       9%          2
 Ensorcelled Hibernation  Hex/Ice        8%         N/A       12%         2
 Passwall                 Tmut/Erth      3%         N/A       12%         2
 Scorch                   Fire           8%         2d5       12%         2
 Wereblood                Tmut           4%         N/A       12%         2
 Swiftness                Air            8%         N/A       13%         3
 Gell's Gravitas          Tloc           7%         N/A       16%         3
 Teleport Other           Tloc           7%         N/A       16%         3
 Inner Flame              Hex/Fire       4%         N/A       22%         3
 Vampiric Draining        Necr           4%         2d6       22%         3
 Flame Wave               Conj/Fire      10%        2d6       34%         4
 Irradiate                Conj/Tmut      5%         3d13      67%         5
 Agony                    Necr           4%         N/A       88%         5
 Yara's Violent Unravell  Hex/Tmut       2%         3d3       88%         5
 Enfeeble                 Hex            2%         N/A       100%        7


Dungeon Overview and Level Annotations

Branches:
Dungeon (11/15)            Temple (1/1) D:4            Lair (4/5) D:8
 Shoals (0/4) Lair:3        Snake (0/4) Lair:2          Orc (0/2) D:11
  Sewer (visited)         Ossuary (visited)
  Slime: Lair:4-5

Altars:
Ashenzari
Cheibriados
Elyvilon
Fedhas
Gozag
Makhleb
Okawaru
Qazlal
Ru
Sif Muna
Trog
Uskayaw
Vehumet
Xom
Yredelemnul
The Shining One


Innate Abilities, Weirdness & Mutations

You can breathe bolts of dispelling energy.
Your rich purple scales are hard. (AC +8)
You cannot fit into any form of body armour.
You are cold-blooded and may be slowed by cold attacks.
Your large and strong wings let you fly.
Your tail ends in a venomous barb.
Your magical capacity is low. (-10% MP)


Message History

The killer bee is moderately wounded.
The killer bee stings you but does no damage.
The water moccasin bites you.
You are poisoned.
The water moccasin poisons you!
Your cactus giant misses the water moccasin.
The killer bee is distracted by your dazzling golden aura.
The killer bee buzzes angrily.
You slash the killer bee! You freeze the killer bee.
You kill the killer bee!
You feel very sick. You block the water moccasin's attack.
The water moccasin misses you.
You hit the rime drake but do no damage.
Your tail-slap misses the rime drake.
The rime drake is lightly wounded.
You feel sick. The rime drake barely misses you. The water moccasin bites you!
* * * LOW HITPOINT WARNING * * *
You barely miss the rime drake.
The rime drake is lightly wounded.
You feel sick. You block the rime drake's attack. The water moccasin bites you.
* * * LOW HITPOINT WARNING * * *
You are more poisoned.
The water moccasin poisons you!
Your cactus giant hits the water moccasin with a +0 giant spiked club!!
You feel better.
Your cactus giant disappears in a puff of smoke!
The water moccasin completely misses you.
The rime drake bites you.
You slash the rime drake! You freeze the rime drake.
The rime drake is severely wounded.
You block the water moccasin's attack. The rime drake bites you.
* * * LOW HITPOINT WARNING * * *
The water moccasin completely misses you.
You hit the rime drake. You freeze the rime drake.
Your tail-slap misses the rime drake.
The rime drake is severely wounded.
The rime drake breathes ice at you. The icy flash freeze hits you!!
You die...
Your body crumbles into a pile of gold.

.......## ........###
..........# ### ###
..........#####.###.###
.............#..#).##.##
.................#...#.#
...............#....#.##
P##P..........#k$#.#..##
# #####........#@$#....#
###....#.#S#.#.#)#
##......#.....##
#....$#.##.#..#
#....#....#...##
#...#.y.#....#.#
#..$.Sk.......##
#.............##
##.≈...≈$P.≈.~..#


You could see a rime drake (catching breath) and a water moccasin.

Vanquished Creatures
  Gastronok (Lair:1)
  A hydra (D:9)
  A centaur warrior (D:8)
  2 two-headed ogres
  Nergalle (Lair:1)
  Pikel (D:8)
  An oklob plant (Lair:2)
  3 black mambas
  A torpor snail (Lair:2)
  2 cane toads (Lair:1)
  2 rime drakes
  3 komodo dragons
  A queen bee (Lair:3)
  2 trolls (D:11)
  A merfolk (Lair:3)
  A hornet (D:10)
  5 blink frogs (Lair:2)
  3 wraiths
  13 yaks
  A shadow (D:11)
  5 wyverns
  2 basilisks
  2 steam dragons
  4 vampire mosquitoes (D:10)
  4 nagas (Lair:2)
  2 acid dragons
  8 water moccasins
  2 ice beasts
  2 orc warriors
  3 black bears
  3 hornet zombies (Ossuary)
  5 centaurs
  A lemure (D:8)
  2 phantoms
  3 kobold brigands (D:9)
  7 bullfrogs
  2 wyvern zombies (Ossuary)
  2 scorpions (D:6)
  A water moccasin zombie (Ossuary)
  10 wights
  19 killer bees
  5 bullfrog zombies (Ossuary)
  3 centaur zombies (Ossuary)
  4 hounds
  A jelly (D:5)
  A gnoll bouda (D:6)
  6 orc priests
  A human zombie (D:8)
  6 orc wizards
  3 killer bee zombies (Ossuary)
  7 ogre zombies (D:11)
  4 howler monkey zombies (Ossuary)
  12 mummies (Ossuary)
  Robin (D:2)
  4 gnolls
  15 adders
  4 river rats
  4 shadow imps
  2 white imps
  3 worms
  2 dart slugs
  21 orcs
  11 ball pythons
  7 bats
  6 endoplasms
  6 giant cockroaches
  13 goblins
  11 hobgoblins
  5 jackals
  17 kobolds
  2 quokkas
  3 frilled lizards
  A goblin skeleton (D:11)
  2 goblin zombies (D:11)
  A hobgoblin skeleton (D:11)
  A hobgoblin zombie (D:11)
  4 orc skeletons (D:11)
  9 orc zombies (D:11)
  18 rats
361 creatures vanquished.

Vanquished Creatures (collateral kills)
  A hydra (Lair:3)
  A merfolk siren (Lair:3)
  2 merfolk (Lair:3)
  A troll (D:11)
  8 yaks
  A two-headed ogre zombie (D:11)
  3 water moccasins
  An ogre (D:6)
  A wolf (Lair:3)
  A bullfrog (Lair:2)
  A water moccasin zombie (Ossuary)
  6 killer bees
  A bullfrog zombie (Ossuary)
  2 orc priests
  An iguana (D:4)
  An orc wizard (D:4)
  A mummy (Ossuary)
  2 gnolls (D:6)
  A river rat (Sewer)
  An ufetubus (D:5)
  A worm (D:3)
  5 orcs
  8 goblins
  3 hobgoblins
  4 jackals (D:1)
  2 ball pythons
  3 goblin zombies (D:11)
  A jackal zombie (D:8)
  9 kobolds
  4 orc zombies (D:11)
  7 rats
84 creatures vanquished.

Vanquished Creatures (others)
  An orc (D:9)
  2 kobolds (D:9)
3 creatures vanquished.

Grand Total: 448 creatures vanquished

Notes
Turn   | Place    | Note
-------+----------+-------------------------------------------
     0 | D:1      | Shard1697 the Draconian Hedge Wizard began the quest for
                  | the Orb.
     0 | D:1      | Reached XP level 1. HP: 14/14 MP: 4/4
   306 | D:1      | Reached XP level 2. HP: 20/20 MP: 1/6
   309 | D:1      | Learned a level 2 spell: Call Imp
   876 | D:1      | Reached XP level 3. HP: 25/26 MP: 5/7
  1402 | D:2      | Learned a level 3 spell: Mephitic Cloud
  1438 | D:2      | Noticed Robin
  1812 | D:2      | Killed Robin
  1813 | D:2      | Reached XP level 4. HP: 20/33 MP: 1/8
  1923 | D:2      | Reached skill level 1 in Poison Magic
  1956 | D:2      | Reached skill level 1 in Air Magic
  2773 | D:3      | Found a glowing drain.
  2783 | D:3      | Reached XP level 5. HP: 22/38 MP: 8/10
  2792 | Sewer    | Entered a sewer
  3906 | D:3      | Reached XP level 6. HP: 22/45 MP: 11/11
  4034 | D:3      | Found a shimmering altar of Xom.
  4342 | D:4      | Learned a level 2 spell: Blink
  4351 | D:4      | Found a staircase to the Ecumenical Temple.
  4374 | D:4      | Reached skill level 1 in Fighting
  4374 | D:4      | Reached skill level 1 in Long Blades
  4693 | D:4      | Reached skill level 2 in Long Blades
  4693 | D:4      | Your scales start taking on a rich purple colour.
  4693 | D:4      | Reached XP level 7. HP: 42/55 MP: 12/14
  4901 | D:4      | Gained mutation: You are occasionally teleported next to
                  | monsters. [potion of mutation]
  4901 | D:4      | Gained mutation: Potions are less effective at restoring
                  | your health. [potion of mutation]
  4902 | D:4      | Lost mutation: You are occasionally teleported next to
                  | monsters. [potion of mutation]
  4902 | D:4      | Lost mutation: Potions are less effective at restoring your
                  | health. [potion of mutation]
  4902 | D:4      | Gained mutation: Your magical capacity is low. (-10% MP)
                  | [potion of mutation]
  4902 | D:4      | Gained mutation: Your tail ends in a venomous barb. [potion
                  | of mutation]
  4902 | D:4      | Gained mutation: Your large and strong wings let you fly.
                  | [potion of mutation]
  4921 | D:5      | Entered Level 5 of the Dungeon
  5017 | D:5      | Reached skill level 3 in Long Blades
  5043 | D:5      | Found a hide-covered altar of Uskayaw.
  5148 | D:5      | You are sucked into a shaft and drop 2 floors!
  5552 | D:5      | Found an iron altar of Okawaru.
  5595 | D:5      | Reached XP level 8. HP: 67/67 MP: 13/13
  5844 | D:5      | Reached skill level 4 in Long Blades
  6450 | Temple   | Entered the Ecumenical Temple
  6520 | Temple   | Became a worshipper of Gozag Ym Sagoz the Greedy
  6588 | D:6      | Found a basalt altar of Yredelemnul.
  6732 | D:6      | Reached skill level 5 in Fighting
  6732 | D:6      | Reached skill level 1 in Shields
  6994 | D:6      | Reached skill level 5 in Long Blades
  7638 | D:7      | Found a sacrificial altar of Ru.
  7776 | D:7      | Reached skill level 6 in Long Blades
  7776 | D:7      | Reached XP level 9. HP: 75/78 MP: 14/14
  8298 | D:8      | Found a staircase to the Lair.
  8299 | D:8      | Noticed Pikel
  8324 | D:8      | Killed Pikel
  8345 | D:8      | Identified the +10 dagger "Laomiv" {spect, Dex+4}
  8345 | D:8      | Noticed a centaur warrior
  8352 | D:8      | Killed a centaur warrior
  8353 | D:8      | Reached skill level 7 in Long Blades
  8416 | D:8      | Found a radiant altar of Vehumet.
  8489 | D:8      | Found a sand-covered staircase.
  8508 | Ossuary  | Entered an ossuary
  8613 | Ossuary  | Reached skill level 8 in Long Blades
  8761 | Ossuary  | Reached XP level 10. HP: 88/90 MP: 13/15
  9145 | D:8      | Found a bloodstained altar of Trog.
  9154 | D:8      | Learned a level 1 spell: Apportation
  9162 | D:8      | Learned a level 3 spell: Call Canine Familiar
  9205 | D:8      | Reached skill level 5 in Shields
  9301 | D:8      | Found a shimmering blue altar of Sif Muna.
  9357 | D:8      | Found a blossoming altar of Fedhas.
  9361 | D:8      | Found a stormy altar of Qazlal.
  9477 | D:8      | Noticed a two-headed ogre
  9493 | D:8      | Killed a two-headed ogre
  9494 | D:8      | Reached skill level 9 in Long Blades
  9494 | D:8      | Reached skill level 5 in Summonings
  9893 | D:9      | Noticed a two-headed ogre
  9907 | D:9      | Killed a two-headed ogre
  9908 | D:9      | Reached skill level 10 in Fighting
 10511 | D:9      | Found a glowing golden altar of the Shining One.
 10523 | D:9      | Noticed a five-headed hydra
 10715 | D:10     | Entered Level 10 of the Dungeon
 10755 | D:10     | Reached skill level 1 in Evocations
 10871 | D:10     | Paralysed by a hornet for 1 turns
 11052 | D:10     | Reached XP level 11. HP: 99/99 MP: 14/16
 11968 | D:11     | Found a staircase to the Orcish Mines.
 12026 | D:11     | Reached skill level 10 in Long Blades
 12643 | D:11     | Learned a level 6 spell: Summon Cactus Giant
 13010 | D:11     | Identified the +3 leather armour "Syla" {Int+5}
 13160 | D:9      | Killed a five-headed hydra
 13912 | Lair:1   | Entered Level 1 of the Lair of Beasts
 13934 | Lair:1   | Reached skill level 5 in Evocations
 14056 | Lair:1   | Noticed Gastronok
 14075 | Lair:1   | Killed Gastronok
 14076 | Lair:1   | Reached skill level 5 in Dodging
 14245 | Lair:1   | Noticed Nergalle
 14259 | Lair:1   | Killed Nergalle
 15024 | Lair:2   | Found a staircase to the Snake Pit.
 15050 | Lair:2   | Reached XP level 12. HP: 24/106 MP: 17/17
 15258 | Lair:2   | Reached skill level 11 in Long Blades
 15990 | Lair:2   | You are sucked into a shaft and drop 2 floors!
 16101 | Lair:3   | Found a staircase to the Shoals.
 16112 | Lair:3   | Reached skill level 10 in Summonings
 16494 | Lair:3   | Noticed a four-headed hydra
 16501 | Lair:3   | Killed a four-headed hydra
 16817 | Lair:3   | Reached skill level 12 in Long Blades
 16831 | Lair:3   | Killed from afar by a rime drake

Illustrated notes

Levels and vault maps discovered:
D:1:      sevenhm_arrival_forest_fort_large_2, layout_loops_ring
D:2:      kennysheep_the_goblin_king, layout_rooms, uniq_robin
D:3:      layout_loops_ring, tgw_xom, portal_sewer_entry_e
D:4:      layout_cave_pools, minmay_temple_entry_from_below_a,
          nicolae_twisty_statue_hallways
D:5:      layout_gridville, nicolae_uskayaw_suspiria,
          hellmonk_okawaru_the_only_friend_you_need, st_stairs_5
D:6:      layout_cave_pools, yredelemnul_altar_generic,
          chequers_serial_rivers_small_b, moated_statue
D:7:      layout_basic, nicolae_ru_great_annihilating_truth
D:8:      layout_loops_cross, kennysheep_orc_sif_temple,
          nicolae_vehumet_altar_sigil, mainiacjoe_overflow_alcove_4,
          grunt_temple_overflow_forces_of_nature, dpeg_oklobed_lair,
          enter_ossuary_3, uniq_pikel
D:9:      layout_layer_cave, mainiacjoe_overflow_small_starburst
D:10:     layout_irregular_city, minivault_5
D:11:     layout_long_grid, zombieorc2_lemuel
Temple:   bh_familiar_temple
Lair:1:   layout_cave_pods, minivault_27, chequers_serial_rivers_large_a,
          grunt_megastairs_2, uniq_nergalle, uniq_gastronok
Lair:2:   nzn_winding_woodlands_stair_cross [nzn_winding_woodlands_5x15_parted,
          nzn_winding_woodlands_center_diamonds,
          nzn_winding_woodlands_5x15_sidewinder,
          nzn_winding_woodlands_5x5_perimeter,
          nzn_winding_woodlands_5x5_default,
          nzn_winding_woodlands_5x15_sawtooth,
          nzn_winding_woodlands_center_pierced_h,
          nzn_winding_woodlands_5x15_cabin], layout_regular_city,
          minmay_snake_entry_guardpost_small, serial_rivers,
          chequers_serial_rivers_small_a, chequers_serial_rivers_small_3,
          chequers_serial_rivers_room_b, chequers_serial_rivers_micro_c,
          chequers_serial_rivers_micro_c, chequers_serial_rivers_small_b,
          minivault_24
Lair:3:   regret_index_harrowing_hell_hive, layout_cave_pods,
          elwin_shoals_entry_stream, chequers_serial_rivers_micro_a
Lair:4:   cheibrodos_lair_overgrown_chateau, layout_gridlike, uniq_nessos

Skill      XL: |  1  2  3  4  5  6  7  8  9 10 11 12 |
---------------+-------------------------------------+-----
Conjurations   | 2 3 |  3.5
Summonings     | 2 3 4 6 8 11 | 11.1
Poison Magic   | 1 |  1.4
Air Magic      | 1 |  1.3
Spellcasting   | 4 |  4.8
Fighting       | 2 4 6 8 10 | 10.1
Long Blades    | 2 3 6 8 9 10 12 | 12.0
Shields        | 2 4 5 |  5.0
Dodging        | 3 5 7 |  7.3
Evocations     | 1 5 |  5.0
Stealth        | |  1.7
Translocations | |  1.0

Action                     |  1- 3 |  4- 6 |  7- 9 | 10-12 || total
---------------------------+-------+-------+-------+-------++-------
  Melee: Club              |    26 |       |       |       ||    26
         Dagger            |     3 |       |       |       ||     3
         Tailslap          |    13 |    28 |    57 |   119 ||   217
         Mace              |    54 |    19 |       |       ||    73
         Punch             |     1 |     1 |       |       ||     2
         Scimitar          |       |   232 |   320 |   663 ||  1215
   Cast: Magic Dart        |    55 |    30 |       |       ||    85
         Call Imp          |     9 |    19 |    21 |     3 ||    52
         Mephitic Cloud    |       |       |     4 |     1 ||     5
         Call Canine Famil |       |       |       |    44 ||    44
         Apportation       |       |       |       |     1 ||     1
         Summon Cactus Gia |       |       |       |     6 ||     6
         Blink             |       |       |       |     1 ||     1
Ability: Breathe Dispellin |       |       |     1 |     1 ||     2
  Evoke: Wand              |       |       |       |     9 ||     9
    Use: Scroll            |       |     9 |     7 |     6 ||    22
         Potion            |       |     1 |     8 |     3 ||    12
   Stab: Sleeping          |     1 |     3 |     3 |     5 ||    12
         Distracted        |     1 |     2 |     1 |    16 ||    20
         Confused          |       |       |     4 |       ||     4
 Armour: Skin              |    37 |   152 |   110 |   160 ||   459
  Dodge: Dodged            |    84 |   249 |   317 |   566 ||  1216
  Block: Buckler           |       |       |    66 |   162 ||   228

Table legend: (Time is in decaauts)
 A = Elapsed time spent in this place.
 B = Non-inter-level travel time spent in this place.
 C = Inter-level travel time spent in this place.
 D = Time resting spent in this place.
 E = Time spent auto-exploring this place.
 F = Levels seen in this place.
 G = Mean time per level.
                   A        B        C        D        E       F      G
               +--------+--------+--------+--------+--------+-----+--------+
         Total |  17066 |  16220 |    846 |   1656 |   9991 |  18 |  948.1 |
       Dungeon |  12468 |  11652 |    816 |    875 |   7573 |  11 | 1133.5 |
        Temple |     84 |     71 |     13 |      0 |     23 |   1 |   84.0 |
          Lair |   2945 |   2929 |     16 |    403 |   1809 |   4 |  736.2 |
         Sewer |    972 |    972 |      0 |    314 |    358 |   1 |  972.0 |
       Ossuary |    595 |    595 |      0 |     64 |    228 |   1 |  595.0 |
               +--------+--------+--------+--------+--------+-----+--------+

Top non-repeatable levels by time:
     D:9: 1684 daAuts
     D:5: 1594 daAuts
     D:1: 1468 daAuts
    D:11: 1249 daAuts
  Lair:1: 1148 daAuts
    D:10: 1114 daAuts
     D:3: 1061 daAuts
     D:8: 982 daAuts
  Lair:2: 973 daAuts
   Sewer: 972 daAuts
     D:6: 933 daAuts
     D:2: 837 daAuts
     D:4: 789 daAuts
     D:7: 752 daAuts
 Ossuary: 595 daAuts
